AoeStats
← Lordinario

Arabia

509513072Analyzed
3v3 RM · 4d ago on Sep 27, 2026· 39m 59s· 6 players
Game mode
Random Map
Map size
Normal (6 player)
Population
200
Speed
Normal
Resources
Standard
Victory
Conquest
Starting age
Dark Age
Ending age
Imperial Age
RankedLock teamsTeams togetherTeam positionsShared explorationLock speedFull tech treeHidden civsTurbo modeCheats
Victory
Defeat
🇦🇷 Persians · Argentina
978
+15
🇦🇺 Huns · Australia
975
+15
🇳🇿 Spanish · New Zealand
894
+18
🇨🇱 Wei · Chile
1015
-18
🇨🇱 Magyars · Chile
939
-16
🇨🇱 Varangians · Chile
896
-14
Hidekisan
6:53 Loom
9:41 Feudal Age
11:21 Double-Bit Axe
21:28 Castle Age
20:50 Gold Mining
21:13 Forging
20:46 Horse Collar
22:24 Bloodlines
32:17 Scale Barding Armor
34:54 Gold Shaft Mining
34:13 Stone Mining
34:35 Bow Saw
40:02 Imperial Age
38:26 Fletching
sebassepulvedac
6:22 Loom
12:27 Feudal Age
14:23 Double-Bit Axe
16:33 Town Watch
23:45 Wheelbarrow
26:24 Castle Age
25:08 Fletching
25:19 Padded Archer Armor
26:42 Scale Barding Armor
26:31 Elite Skirmisher
27:39 Husbandry
32:18 Bodkin Arrow
32:39 Leather Archer Armor
32:59 Hand Cart
Lordinario
3:14 Loom
11:17 Feudal Age
15:37 Bloodlines
17:16 Wheelbarrow
17:44 Double-Bit Axe
22:54 Fletching
23:12 Scale Barding Armor
26:25 Castle Age
25:45 Padded Archer Armor
25:56 Horse Collar
26:44 Crossbowman
26:45 Elite Skirmisher
28:17 Husbandry
31:06 Town Watch
jacinfa arderb
12:13 Feudal Age
12:43 Horse Collar
12:50 Double-Bit Axe
14:33 Wheelbarrow
17:24 Castle Age
16:34 Stone Mining
19:44 Bow Saw
19:35 Heavy Plow
22:07 Loom
24:04 Gold Mining
27:34 Hand Cart
30:12 Padded Archer Armor
33:45 Leather Archer Armor
39:02 Imperial Age
39:51 Elite Conquistador
Victor_Wembanyama
9:32 Feudal Age
12:07 Double-Bit Axe
18:53 Castle Age
23:32 Wheelbarrow
23:46 Bloodlines
23:37 Husbandry
26:22 Fletching
33:41 Hand Cart
34:02 Scale Barding Armor
34:07 Forging
37:06 Iron Casting
36:52 Chain Barding Armor
fede1967
10:57 Feudal Age
13:20 Loom
18:12 Castle Age
18:41 Scale Barding Armor
19:08 Bloodlines
20:24 Gold Mining
22:50 Chain Barding Armor
22:40 Forging
23:57 Double-Bit Axe
29:18 Wheelbarrow
28:59 Horse Collar
30:54 Stone Mining
32:46 Iron Casting
34:10 Ballistics
36:58 Imperial Age
36:01 Stone Shaft Mining
36:01 Gold Shaft Mining
36:58 Fletching
37:11 Padded Archer Armor
37:17 Crossbowman
38:01 Kamandaran
37:31 Cavalier
38:08 Town Watch
38:39 Hand Cart
39:01 Bodkin Arrow
39:38 Thumb Ring
Connection lost

Rejoining the realm…

Still unreachable

The connection could not be restored.

Session expired

The server has moved on; the page needs a fresh start.